 Dungeon Crawl Stone Soup version 0.17-a0-1164-g0ba867e (webtiles) character file.

81 neecht the Vexing (level 4, 0/21 HPs)
             Began as a Spriggan Enchanter on May 29, 2015.
             Slain by an orc
             ... wielding a cursed +0 flail
              (8 damage)
             ... on level 3 of the Dungeon.
             The game lasted 00:04:33 (1500 turns).

neecht the Vexing (Spriggan Enchanter)              Turns: 1500, Time: 00:04:34

Health: 0/21       AC:  3    Str:  5    XL:     4   Next: 20%
Magic:  5/11       EV: 18    Int: 16    God:
Gold:   97         SH:  0    Dex: 16    Spells: 3 memorised, 6 levels left

rFire  . . .     SeeInvis +     r - +2 dagger (holy)
rCold  . . .     Clarity  .     b - +1 robe
rNeg   . . .     SustAt   .     (shield restricted)
rPois  .         Gourm    .     (helmet restricted)
rElec  .         Spirit   .     (no cloak)
rCorr  .         Warding  .     (gloves unavailable)
rMut   .         Stasis   .     (boots unavailable)
MR     .....                    (no amulet)
Stlth  +++.......               (no ring)
                                (no ring)

@: very slightly contaminated, very quick, not resistant to hostile
enchantments, fairly stealthy
A: unfitting armour, see invisible, herbivore 3, speed 3, slow metabolism 2
a: no special abilities


You were on level 3 of the Dungeon.
You were not hungry.

You visited 1 branch of the dungeon, and saw 3 of its levels.

You collected 97 gold pieces.

Inventory:

Hand weapons
 a - a +1 dagger
 j - a +2 short sword of flaming
 r - a +2 dagger of holy wrath (weapon)
Missiles
 e - 112 stones (quivered)
Armour
 b - a +1 robe (worn)
Scrolls
 f - a scroll of amnesia {unknown}
 h - 4 scrolls of teleportation {unknown}
 i - a scroll of random uselessness {unknown}
 k - 4 scrolls of identify {unknown}
 l - a scroll of enchant weapon {unknown}
 n - a scroll of recharging {unknown}
 q - 2 scrolls of fog {unknown}
Potions
 g - a potion of poison {unknown}
 m - a potion of agility {unknown}
 o - a potion of curing
 s - a potion of lignification {unknown}
Books
 c - a book of Maledictions

   Spells                             Type                      Level
   a - Corona                         Hexes                        1
   b - Ensorcelled Hibernation        Hexes/Ice                    2
   c - Confuse                        Hexes                        3
   d - Tukima's Dance                 Hexes                        3
   e - Dazzling Spray                 Conjuration/Hexes            3
Comestibles
 d - 3 bread rations
 p - a royal jelly


   Skills:
 - Level 1.1 Short Blades
 - Level 3.0 Dodging
 - Level 4.4 Stealth
 + Level 4.5 Spellcasting
 + Level 4.8 Hexes


You had 6 spell levels left.
You knew the following spells:

 Your Spells              Type           Power        Failure   Level  Hunger
a - Corona                Hex            ###....      1%          1    None
b - Ensorcelled Hibernat  Hex/Ice        ##....       10%         2    ##.....
c - Confuse               Hex            ###.....     8%          3    ###....


Dungeon Overview and Level Annotations

Branches:
Dungeon (3/15)

Altars:
Ashenzari
Vehumet


Innate Abilities, Weirdness & Mutations

You are tiny and cannot use many weapons and most armour.
You have supernaturally acute eyesight.
You are a herbivore.
You cover ground extremely quickly.
You need consume almost no food.


Message History

Aim: an orc wizard, wielding a dagger and wearing a robe (chance to defeat MR: 42%)
You miscast Ensorcelled Hibernation.
You are very lightly contaminated with residual magic.
Nothing appears to happen.
The orc barely misses you.
The orc wizard hits you but does no damage.
Casting: Ensorcelled Hibernation
Confirm with . or Enter, or press ? or * to list all spells.
Aiming: Ensorcelled Hibernation
Press: ? - help, Shift-Dir - straight line, f/p - orc wizard
Aim: an orc wizard, wielding a dagger and wearing a robe (chance to defeat MR: 42%)
The orc wizard resists with some effort.
The orc wizard hits you but does no damage.
The orc closely misses you.
Casting: Ensorcelled Hibernation
Confirm with . or Enter, or press ? or * to list all spells.
Aiming: Ensorcelled Hibernation
Press: ? - help, Shift-Dir - straight line, f/p - orc wizard
Aim: an orc wizard, wielding a dagger and wearing a robe (chance to defeat MR: 42%)
The orc wizard looks drowsy...
The orc hits you with a flail!
You die...

.. .. ### #.... .
..##...# # .##..#....
.# ........# .. # #
#..#.#.#.#... #.
#..#o#o.....# .##.
#....@...?...
.....#..#.#..##..#
.##..#..#.#.....
...................[.
#.#.###.#..#.#.......
#.#.. #..#.###...#.
#...# #..#.# .....
####...# #..#.# #..#.
...[...#####..#.# .


You could see an orc wizard (sleeping) and an orc.

Vanquished Creatures
  4 adders
  A giant gecko (D:1)
  An orc (D:3)
  A ball python (D:2)
  4 bats
  8 hobgoblins
  2 jackals (D:2)
  2 quokkas (D:3)
  2 giant cockroaches
  5 giant newts
  6 goblins
  3 kobolds
  7 rats
46 creatures vanquished.

Notes
Turn   | Place    | Note
--------------------------------------------------------------
     0 | D:1      | neecht the Spriggan Enchanter began the quest for the Orb.
     0 | D:1      | Reached XP level 1. HP: 9/9 MP: 5/5
   336 | D:1      | Reached XP level 2. HP: 13/13 MP: 7/7
   577 | D:1      | Learned a level 2 spell: Ensorcelled Hibernation
   929 | D:2      | Reached XP level 3. HP: 16/16 MP: 1/9
   994 | D:2      | Found a radiant altar of Vehumet.
  1397 | D:3      | Reached XP level 4. HP: 21/21 MP: 11/11
  1402 | D:3      | Learned a level 3 spell: Confuse
  1422 | D:3      | Found a shattered altar of Ashenzari.
  1500 | D:3      | Slain by an orc

Vault maps used:
D:1:      dpeg_arrival_erosion
D:2:      vehumet_crystals, grunt_ministairs_6
D:3:      overflow_temple_1_default, nicolae_overflow_hidden_temple,
          first_bread, uniq_terence

Action                   |  1- 3 |  4- 6 || total
-------------------------+-------+-------++-------
Melee: Dagger            |    38 |    15 ||    53
       Short sword       |    51 |       ||    51
 Cast: Ensorcelled Hiber |     3 |     4 ||     7
  Use: Potion            |     2 |       ||     2
 Stab: Sleeping          |    12 |     2 ||    14
       Distracted        |     1 |       ||     1
